[Event "Serbian League 2024"]
[Site "Bajina Basta"]
[Date "2024.10.01"]
[Round "5.27"]
[White "Milanovic, Danilo"]
[Black "Nenezic, Marko"]
[Result "0-1"]
[Annotator "TA"]
[ECO "A85"]
[WhiteElo "2442"]
[BlackElo "2492"]
[PlyCount "80"]
[EventDate "2024.09.26"]
[EventType "team-tourn"]
[EventCountry "SRB"]
[SourceTitle "playchess.com"]
[Source "ChessBase"]
[SourceQuality "1"]
[TimeControl "40/5400+30:1800+30"]

1. d4 f5 2. c4 Nf6 3. Nc3 d6 4. Bg5 Nbd7 5. e3 g6 6. Bd3 Bg7 7. Nge2 e5 8. f3 {[%emt 0:08:11] White is slightly better.} O-O 9. O-O Kh8 10. Qe1 c6 11. Qh4 Qe8 12. g4 Ng8 13. Rae1 (13. gxf5 $16 gxf5 14. Kh1) 13... Ndf6 14. c5 dxc5 15. dxe5 Qxe5 16. Nf4 Ne7 17. gxf5 Bxf5 18. e4 Bd7 19. Bb1 c4 {[%emt 0:01:17] Inhibits Nd3.} 20. Kh1 Rae8 21. Rg1 (21. Ncd5 $11 Kg8 (21... cxd5 22. exd5 Qxb2 23. Re2 $16) 22. Ne3) 21... Nfg8 ({Black should try} 21... Kg8 $15) 22. a4 $2 {[%emt 0:01:06] Black converts the advantage convincingly.} (22. Nce2 $1 $11 {and White has nothing to worry.}) 22... Rf7 $1 $19 23. Nce2 Ref8 $1 (23... Qxb2 24. Rd1 Qa3 25. Rxd7 Qxf3+ 26. Rg2 Qf1+ 27. Rg1 Qf3+ 28. Rg2 Qf1+ 29. Ng1 (29. Rg1 Qf3+ $11) 29... Qxb1 30. Bxe7 Rxf4 (30... Nxe7 $2 31. Rxe7 Rfxe7 32. Nxg6+ Kg8 33. Nxe7+ Kh8 34. Ng6+ Kg8 35. Ne5 $18) 31. Qxf4 Rxe7 32. Rxe7 Nxe7 33. Rd2 $11) 24. Rd1 {[%emt 0:00:08] [#]} Bc8 25. Ba2 {[%emt 0:00:20] [#]} (25. a5 $142 b5 (25... Qxa5 26. e5 $17) (25... Qxb2 $2 26. e5 $19) 26. Rg2) 25... b5 $1 26. b3 Qb2 27. Nc1 Be5 28. Nfe2 {[%emt 0:00:22] [#]} (28. Nfd3 cxd3 29. Nxd3) 28... Rxf3 $1 {[%emt 0:08:43] Black is clearly winning.} 29. Bxe7 (29. Rd2 Qa3) 29... Rh3 ({Less strong is} 29... Nxe7 30. Qxe7 Rf2 (30... cxb3 31. Nd3 $16) 31. Rg2 $19) 30. Qxh3 Bxh3 31. Bxf8 Qc2 32. Ng3 {[%emt 0:01:20] [#]} Bg2+ $1 33. Rxg2 Qxd1+ 34. Rg1 Qf3+ 35. Rg2 Qxf8 36. axb5 Bxg3 37. Rxg3 Qf1+ 38. Rg1 Qf3+ 39. Rg2 cxb5 {[%emt 0:00:12] White must now prevent ...Nf6.} 40. bxc4 Nf6 {[%emt 0:00:25] Weighted Error Value: White=0.72/Black=0.12 (very precise) .  Loses game:     	White=1     	---        Mistake:       	White=4     	Black=1      Inaccurate:     	White=4     	Black=4      OK:         	White=10    	Black=10     Best:        	---       	Black=1      Strong:       	---       	Black=2} 0-1

[Event "Serbian League 2024"]
[Site "Bajina Basta"]
[Date "2024.10.01"]
[Round "5.28"]
[White "Perunovic, Miodrag"]
[Black "Pavlovic, Goran"]
[Result "1-0"]
[Annotator "RC"]
[ECO "E94"]
[WhiteElo "2347"]
[BlackElo "2337"]
[PlyCount "71"]
[EventDate "2024.09.26"]
[EventType "team-tourn"]
[EventCountry "SRB"]
[SourceTitle "playchess.com"]
[Source "ChessBase"]
[SourceQuality "1"]
[TimeControl "40/5400+30:1800+30"]

1. d4 Nf6 2. c4 d6 3. Nc3 Nbd7 4. Nf3 e5 5. e4 g6 6. Be2 Bg7 7. O-O O-O 8. Be3 Ng4 9. Bg5 f6 10. Bd2 Nh6 11. Qc2 c6 12. Rad1 Qe7 13. Rfe1 Nf7 14. b4 Re8 15. Be3 Bh6 16. Bxh6 Nxh6 17. d5 Nf7 18. dxc6 bxc6 19. Nd2 Nf8 20. Nb3 Be6 21. Na5 Qc7 22. Rd2 a6 23. Red1 Kg7 24. a3 h5 25. Na4 c5 26. Nc3 Rab8 27. Nd5 Qc8 28. Rb1 Bd7 29. b5 Ne6 30. Qc3 Nd4 31. a4 Nd8 32. Bf1 Be6 33. Rdb2 Nf7 34. bxa6 Rxb2 35. Rxb2 Nc6 36. Rb7 1-0

[Event "Serbian League 2024"]
[Site "Bajina Basta"]
[Date "2024.10.01"]
[Round "5.29"]
[White "Stankovic, Boris"]
[Black "Radovanovic, Dusan"]
[Result "1-0"]
[Annotator "RC"]
[ECO "B76"]
[WhiteElo "2290"]
[BlackElo "2293"]
[PlyCount "119"]
[EventDate "2024.09.26"]
[EventType "team-tourn"]
[EventCountry "SRB"]
[SourceTitle "playchess.com"]
[Source "ChessBase"]
[SourceQuality "1"]
[TimeControl "40/5400+30:1800+30"]

1. e4 c5 2. Nf3 d6 3. d4 cxd4 4. Nxd4 Nf6 5. Nc3 g6 6. Be3 Bg7 7. f3 O-O 8. Qd2 Nc6 9. O-O-O h5 10. h4 d5 11. Nxc6 bxc6 12. Bh6 Be6 13. Bxg7 Kxg7 14. exd5 cxd5 15. Qd4 Qb6 16. Bb5 Rfd8 17. Ba4 Qxd4 18. Rxd4 Bd7 19. Re1 e6 20. Bb3 Bc6 21. Ba4 Rac8 22. Nd1 Re8 23. Bxc6 Rxc6 24. Re5 Rec8 25. c3 Rc4 26. Rxc4 Rxc4 27. g3 Rc6 28. Kd2 Nd7 29. Re1 e5 30. Nf2 Ra6 31. a3 Rb6 32. Nd3 f6 33. a4 Kf7 34. b4 Re6 35. a5 g5 36. b5 e4 37. fxe4 dxe4 38. Nb4 gxh4 39. gxh4 f5 40. Ke3 Rg6 41. Nc6 Ke6 42. Nxa7 Rg3+ 43. Kd4 Ne5 44. Re3 Rxe3 45. Kxe3 Nc4+ 46. Kf4 Nxa5 47. b6 Nb7 48. Nc6 Nd6 49. c4 Kd7 50. Ne5+ Kc8 51. c5 Nb5 52. Kxf5 e3 53. Nd3 Kb7 54. Kg5 e2 55. Kxh5 Nd4 56. Kg4 Kc6 57. h5 Ne6 58. b7 Kxb7 59. h6 Kc6 60. h7 1-0

[Event "Serbian League 2024"]
[Site "Bajina Basta"]
[Date "2024.10.01"]
[Round "5.30"]
[White "Pavlovic, Dejan S"]
[Black "Petrovic, Aleksa"]
[Result "0-1"]
[Annotator "RC"]
[ECO "C41"]
[WhiteElo "2350"]
[BlackElo "2250"]
[PlyCount "66"]
[EventDate "2024.09.26"]
[EventType "team-tourn"]
[EventCountry "SRB"]
[SourceTitle "playchess.com"]
[Source "ChessBase"]
[SourceQuality "1"]
[TimeControl "40/5400+30:1800+30"]

1. d4 d6 2. e4 Nf6 3. Nc3 c6 4. a4 e5 5. Nf3 Qa5 6. Bd2 Qc7 7. Bc4 Be7 8. O-O O-O 9. h3 Nbd7 10. Re1 b6 11. Bg5 Bb7 12. Ba2 a6 13. Nh4 g6 14. dxe5 dxe5 15. Qf3 Kg7 16. Rad1 h6 17. Bc1 Nh7 18. Qg3 Bg5 19. Be3 Ndf6 20. Nf3 Bxe3 21. Rxe3 Rfe8 22. Nh4 Ng5 23. Nf3 Nh5 24. Qh4 Qe7 25. Nxg5 hxg5 26. Qg4 Rad8 27. Red3 Bc8 28. Qf3 Nf4 29. R3d2 Rxd2 30. Rxd2 Rh8 31. Qg3 g4 32. hxg4 Qg5 33. Nb1 Ne2+ 0-1

[Event "Serbian League 2024"]
[Site "Bajina Basta"]
[Date "2024.10.01"]
[Round "5.31"]
[White "Tarhan, Adar"]
[Black "Hovhannisyan, Robert"]
[Result "1/2-1/2"]
[Annotator "RC"]
[ECO "D40"]
[WhiteElo "2474"]
[BlackElo "2619"]
[PlyCount "168"]
[EventDate "2024.09.26"]
[EventType "team-tourn"]
[EventCountry "SRB"]
[SourceTitle "playchess.com"]
[Source "ChessBase"]
[SourceQuality "1"]
[TimeControl "40/5400+30:1800+30"]

1. d4 Nf6 2. c4 e6 3. Nf3 d5 4. Nc3 c5 5. e3 Nc6 6. a3 a6 7. dxc5 Bxc5 8. b4 Be7 9. cxd5 Nxd5 10. Nxd5 Qxd5 11. Qxd5 exd5 12. Bb2 f6 13. Be2 Kf7 14. Rc1 Bd6 15. Bd1 Ne7 16. Bd4 Be6 17. Kd2 Rhc8 18. Bb3 a5 19. Rxc8 Nxc8 20. Bc3 a4 21. Ba2 Nb6 22. Nd4 Nc4+ 23. Bxc4 dxc4 24. Nb5 Bb8 25. Bd4 Bd7 26. Nc3 Bc6 27. f3 b5 28. Ke2 h5 29. h3 Bg3 30. Rd1 Rd8 31. Bc5 Rxd1 32. Nxd1 f5 33. Nc3 g5 34. Kf1 Bc7 35. Bd4 Kg6 36. Ne2 f4 37. exf4 gxf4 38. Nc3 Kf5 39. Ke2 Ke6 40. Kd2 Be8 41. Bg7 Bb6 42. Ne2 Bc7 43. Bh6 Kf5 44. Bg7 Bd7 45. Bd4 Kg5 46. Nc3 Bc6 47. Ke2 Kf5 48. Kd2 Ke6 49. Ne2 Bd7 50. Bg7 Kd5 51. Nc3+ Kc6 52. Ne2 Kd5 53. Nc3+ Ke6 54. Ne2 Kf5 55. Bd4 Bc6 56. Nc3 Ke6 57. Ne2 Be8 58. Bg7 Kf5 59. Bd4 Bd8 60. Nc3 Ke6 61. Ne2 Kd5 62. Bg7 Bg5 63. Nc3+ Ke6 64. Bd4 Bh6 65. Bh8 Kd6 66. Ne2 Bg5 67. Nc3 Bh6 68. Ne2 Bd7 69. Nc3 Bc6 70. Ne2 Bg5 71. Nc3 Ke6 72. Ne2 Be8 73. Nc3 Kf5 74. Ne4 Be7 75. Bd4 Ke6 76. Nc3 Bd6 77. Ne4 Bc7 78. Nc3 Kd6 79. Ne2 Ke6 80. Nc3 Bd6 81. Ne4 Bb8 82. Nc3 Bc6 83. Ne2 Bd6 84. Bg7 Bd7 1/2-1/2

[Event "Serbian League 2024"]
[Site "Bajina Basta"]
[Date "2024.10.01"]
[Round "5.32"]
[White "Grigoryan, Karen H."]
[Black "Celik, Hasan Huseyin"]
[Result "1/2-1/2"]
[Annotator "TA"]
[ECO "D23"]
[WhiteElo "2569"]
[BlackElo "2425"]
[PlyCount "85"]
[EventDate "2024.09.26"]
[EventType "team-tourn"]
[EventCountry "SRB"]
[SourceTitle "playchess.com"]
[Source "ChessBase"]
[SourceQuality "1"]
[TimeControl "40/5400+30:1800+30"]

1. d4 d5 2. c4 c6 3. Nf3 Nf6 4. Qc2 dxc4 5. Qxc4 Bg4 6. Nbd2 Nbd7 7. g3 e6 8. Bg2 Be7 {[%emt 0:00:30] Die Stellung ist ausgeglichen.} 9. O-O O-O 10. b3 Rc8 11. Bb2 b5 12. Qc3 Qb6 13. e4 c5 14. d5 exd5 15. exd5 c4 16. bxc4 bxc4 17. a3 {[%emt 0:00:30] Pariert Bb4.} (17. Nxc4 Rxc4 (17... Nxd5 18. Qxg7#) 18. Qxc4 Qxb2 $17) 17... Bxf3 18. Bxf3 Ne8 {[%emt 0:00:30] [#] Droht stark ...Bf6.} 19. Rab1 (19. Nxc4 Rxc4 20. Qxc4 Qxb2 $17) 19... Bf6 20. Qc2 Bxb2 21. Rxb2 Qd4 22. Ne4 Ne5 (22... Qxd5 $2 23. Nf6+ Ndxf6 24. Bxd5 Nxd5 25. Rb7 $18) 23. Bg2 Nd3 24. Rb7 Nc5 {[%emt 0:00:30] Hervorragende Reitkunst.} 25. Rd1 (25. Rxa7 $2 {zu gefräßig.} Nxe4 (25... Qxd5 $2 26. Nf6+ Nxf6 27. Bxd5 $18) 26. Ra6 Nd2 $19) 25... Qxd1+ 26. Qxd1 Nxb7 27. Bh3 Rc7 {[%emt 0:00:30] [#] Weiss muss nun ...c3 beachten.} 28. Qd4 ({Viel schlechter ist} 28. d6 Nexd6 29. Nc3 (29. Nxd6 $2 {ist das falsche Schlagen.} Rd8 $19) 29... Rd8 $15) 28... Ned6 29. Nc3 {[%emt 0:00:30] Gegen Nb5 gerichtet.} Nc5 30. Bf1 Re8 31. Qf4 Ncb7 32. Be2 Rd8 33. h4 h6 34. Bd1 Nc5 35. Bc2 Nd3 36. Bxd3 cxd3 37. Qd4 Rcd7 38. Qxd3 Ne8 39. Qa6 Nc7 {[%emt 0:00:30][%csl LRa6,LRd5] Schwarz steht etwas besser.} 40. Qa5 Nxd5 41. Nxd5 Rxd5 42. Qxa7 R5d7 43. Qa6 {[%emt 0:00:30] Gewichteter Fehlerwert: Weiß=0.07 (makellos) /Schwarz=0.05 (makellos) .  Ungenau:       	Weiß=3     	Schwarz=2     OK:         	Weiß=15    	Schwarz=17    Bester:       	---       	Schwarz=1} 1/2-1/2

[Event "Serbian League 2024"]
[Site "Bajina Basta"]
[Date "2024.10.01"]
[Round "5.33"]
[White "Kovacevic, Aleksandar"]
[Black "Stankovic, Milos"]
[Result "1/2-1/2"]
[Annotator "TA"]
[ECO "C68"]
[WhiteElo "2479"]
[BlackElo "2466"]
[PlyCount "87"]
[EventDate "2024.09.26"]
[EventType "team-tourn"]
[EventCountry "SRB"]
[SourceTitle "playchess.com"]
[Source "ChessBase"]
[SourceQuality "1"]
[TimeControl "40/5400+30:1800+30"]

1. e4 e5 2. Nf3 Nc6 3. Bb5 a6 4. Bxc6 dxc6 5. O-O Bd6 6. d4 exd4 7. Qxd4 f6 8. Bd2 Ne7 9. Bb4 Be6 10. Nc3 a5 11. Bxd6 Qxd6 12. Rad1 Qxd4 13. Nxd4 Bd7 14. f4 O-O-O 15. Rd3 c5 16. Nf3 Bc6 17. Re3 Rhe8 18. Rfe1 b6 19. Kf2 Kb7 20. g4 Nc8 21. e5 fxe5 (21... f5 $11 {sieht stärker aus.}) 22. Nxe5 $14 {[%emt 0:00:30] Hervorragende Reitkunst.} Rf8 23. Kg3 Rd4 24. f5 Nd6 25. Nxc6 Kxc6 26. Rd3 Re8 27. Rxe8 Nxe8 {[%emt 0:00:30][%mdl 4096] Endspiel. KRN-KRN} 28. Re3 Nf6 29. h3 b5 30. Re6+ Rd6 31. Re7 {[%emt 0:00:30][%cal Og4g5] [#] Droht stark g5!} b4 32. Ne4 Nxe4+ 33. Rxe4 {[%emt 0:00:30] Und Re7 würde nun gewinnen. KR-KR} a4 34. g5 Kd7 35. Re5 c4 36. Re4 $1 b3 37. axb3 (37. Rxc4 $2 {verliert.} a3 38. Rc3 axb2 39. Rxb3 Rb6 40. Rd3+ Ke7 (40... Kc8 $2 41. Rd1 $19) 41. Re3+ Kf8 $19) (37. cxb3 {mit weiteren Verwicklungen.} axb3 38. Rxc4 bxa2 39. Ra4) 37... cxb3 38. cxb3 (38. Rxa4 $2 {geht unter.} bxc2 39. Rc4 Rc6 $19) 38... Rd3+ 39. Kg4 {[%emt 0:00:30] Zielt auf f6 ab.} Rxb3 40. Rxa4 Rxb2 {[%emt 0:00:30] [#]} 41. Rf4 ({Besser ist} 41. Ra8 $1 $16 ) 41... Rb6 $11 {[%emt 0:30:30] Die Stellung ist ausgeglichen.} 42. f6 gxf6 43. gxf6 {[%emt 0:00:30] Droht Matt per f7.} Ke8 44. Re4+ {[%emt 0:00:30] Gewichteter Fehlerwert: Weiß=0.09 (makellos) /Schwarz=0.08 (makellos) .  Fehler:       	Weiß=1     	Schwarz=1     Ungenau:       	Weiß=4     	Schwarz=2     OK:         	Weiß=13    	Schwarz=13    Bester:       	---       	Schwarz=3     Stark:        	Weiß=1     	---} 1/2-1/2

[Event "Serbian League 2024"]
[Site "Bajina Basta"]
[Date "2024.10.01"]
[Round "5.34"]
[White "Tadic, Stefan"]
[Black "Omorjan, Dejan"]
[Result "1-0"]
[Annotator "TA"]
[ECO "B90"]
[WhiteElo "2440"]
[BlackElo "2299"]
[PlyCount "100"]
[EventDate "2024.09.26"]
[EventType "team-tourn"]
[EventCountry "SRB"]
[SourceTitle "playchess.com"]
[Source "ChessBase"]
[SourceQuality "1"]
[TimeControl "40/5400+30:1800+30"]

1. e4 c5 2. Nf3 d6 3. d4 cxd4 4. Nxd4 Nf6 5. Nc3 a6 6. h3 e5 7. Nb3 Be7 {[%emt 0:00:31] B90: Sicilian Najdorf: Unusual White 6th moves, 6 Be3 Ng4 and 6 Be3 e5.} 8. g4 h6 9. Be3 Qc7 10. a4 b6 11. Bg2 Nc6 $146 ({Predecessor:} 11... Nbd7 12. O-O Nc5 13. a5 b5 14. Nxc5 dxc5 15. Nd5 Nxd5 16. exd5 Bd6 17. Qd2 O-O {1-0 Eric,J (2252)-Trunz,M (1821) BL 2223 (Women) 2022 (2.6)}) 12. Nd5 Nxd5 13. exd5 Nb8 14. O-O Nd7 15. f4 Rb8 16. fxe5 dxe5 17. Nd2 Bc5 18. Bxc5 (18. Nc4 {with more complications.} b5 19. d6 Qa7 20. Qf3) 18... Qxc5+ 19. Kh1 O-O 20. Ne4 Qe7 21. Qd2 Qh4 22. b4 h5 23. g5 b5 24. a5 {[%emt 0:01:31] Against Nb6} f5 25. gxf6 Nxf6 26. Qe1 Qxe1 27. Raxe1 {[%emt 0:04:09] Black must now prevent Nc5.} (27. Nxf6+ gxf6 28. Raxe1 Bd7) 27... Nxd5 28. Rxf8+ Kxf8 29. c3 Nf4 30. Nc5 {[%emt 0:00:13][%mdl 1024] Repels Bb7. White has compensation.} Ng6 (30... Nxg2 31. Kxg2 g6 32. Rxe5 $16) (30... Ke7 $11) 31. Be4 (31. Bf3 $142) 31... Nf4 $16 32. Bg2 Ng6 ({But not} 32... Nxh3 33. Rxe5 Nf4 34. Bc6 $14) (32... Nxg2 33. Kxg2 Ra8 34. h4 $16 (34. Rxe5 g6 $18)) 33. Kh2 Ke7 {[%emt 0:01:08] [#]} 34. Bf3 $1 Kf6 35. Rd1 ({Don't do} 35. Bxh5 Nf4 36. Be2 Bxh3 $11) 35... Ke7 {[%emt 0:00:09] Prevents Rd6.} 36. Rg1 Nh4 (36... Bf5 $16) 37. Bxh5 (37. Rxg7+ Kf6 38. Rg3 Nxf3+ 39. Rxf3+ Ke7) 37... g6 38. Bg4 (38. Bxg6 $2 Nf3+ 39. Kh1 Nxg1 40. Kxg1 Bxh3 $17) 38... Bxg4 39. Rxg4 $18 {[%emt 0:00:05][%mdl 4096] Endgame. KRN-KRN} g5 40. Kg3 Rg8 (40... Nf5+ $16 {was called for.} 41. Kf3 Rh8) 41. Nxa6 Nf5+ 42. Kf2 Nh6 43. Rg1 Kd6 44. Nc5 {[%emt 0:00:00][%cal Og1g5] Strongly threatening Rxg5!} Kd5 45. Ke2 Kc4 (45... Nf5 $142 46. a6 Nh4 47. Rd1+ Kc4) 46. Ne4 g4 47. hxg4 Nxg4 48. a6 {[%emt 0:00:00] And now Nf6 would win.} Ra8 49. Rxg4 Rxa6 50. Nc5+ Kd5 1-0

[Event "Serbian League 2024"]
[Site "Bajina Basta"]
[Date "2024.10.01"]
[Round "5.35"]
[White "Gagic, Milan A"]
[Black "Ratkovic, Milovan"]
[Result "0-1"]
[Annotator "RC"]
[ECO "B90"]
[WhiteElo "2284"]
[BlackElo "2429"]
[PlyCount "106"]
[EventDate "2024.09.26"]
[EventType "team-tourn"]
[EventCountry "SRB"]
[SourceTitle "playchess.com"]
[Source "ChessBase"]
[SourceQuality "1"]
[TimeControl "40/5400+30:1800+30"]

1. e4 c5 2. Nf3 d6 3. d4 cxd4 4. Nxd4 Nf6 5. Nc3 a6 6. Be3 Ng4 7. Bc1 Nf6 8. Be3 Ng4 9. Bc1 Nf6 10. h4 e5 11. Nb3 Be7 12. Be2 Be6 13. f4 Nc6 14. f5 Bxb3 15. axb3 d5 16. exd5 Nd4 17. Bf3 Bb4 18. Bg5 h6 19. Bxf6 Qxf6 20. Qd3 Nxf5 21. O-O-O Bxc3 22. bxc3 Nd6 23. Kb1 O-O 24. c4 Rac8 25. Bg4 Rc5 26. Qe3 b6 27. Be2 Nf5 28. Qf2 Ra5 29. Kb2 b5 30. c3 b4 31. cxb4 e4+ 32. Rd4 Qxd4+ 33. Qxd4 Nxd4 34. bxa5 Nxe2 35. Re1 Ng3 36. Re3 Re8 37. Kc3 f5 38. Rxg3 e3 39. Rxe3 Rxe3+ 40. Kd4 Rxb3 41. Kc5 f4 42. Kc6 g5 43. hxg5 hxg5 44. d6 g4 45. d7 Rd3 46. Kc7 f3 47. gxf3 gxf3 48. d8=Q+ Rxd8 49. Kxd8 f2 50. c5 f1=Q 51. c6 Qb5 52. c7 Qxa5 53. Ke8 Qe5+ 0-1

[Event "Serbian League 2024"]
[Site "Bajina Basta"]
[Date "2024.10.01"]
[Round "5.36"]
[White "Tadic, Branko"]
[Black "Pajcin, Lav"]
[Result "1-0"]
[Annotator "TA"]
[ECO "A07"]
[WhiteElo "2424"]
[BlackElo "2242"]
[PlyCount "109"]
[EventDate "2024.09.26"]
[EventType "team-tourn"]
[EventCountry "SRB"]
[SourceTitle "playchess.com"]
[Source "ChessBase"]
[SourceQuality "1"]
[TimeControl "40/5400+30:1800+30"]

1. Nf3 d5 2. g3 Bg4 3. Bg2 e6 4. O-O Nf6 5. d3 Be7 6. Qe1 {[%emt 0:01:53] A07: Réti Opening: New York en Capablanca Systemen.} (6. h3 $14) 6... O-O 7. e4 {[%emt 0:00:15] Fout (0.6)} (7. Ne5 $11) 7... c5 {[%emt 0:02:16] Fout (1.0)} (7... Nc6 $15) 8. Ne5 $14 {[%emt 0:06:15] Beste (Gemakkelijk). Wit staat iets beter.} Bh5 {[%emt 0:00:19] OK} 9. f4 {Zwart zou moeten spelen} Ne8 $146 {[%emt 0:20:08] Verliest partij (2.0)} (9... Nbd7 $14) ({Predecessor:} 9... Nc6 10. Nxc6 bxc6 11. Nc3 h6 12. h3 Bg6 13. g4 Bh7 14. b3 c4 15. dxc4 Bc5+ {0-1 Gukesh,D (2578)-Suleymanli,A (2560) Junior Speed Qual Global blitz 2021 (1.12)}) 10. exd5 $18 {[%emt 0:08:18] OK} f6 {[%emt 0:06:14] OK} 11. g4 {[%emt 0:08:33] OK} fxe5 12. gxh5 {[%emt 0:00:04] OK} exd5 {[%emt 0:00:41] OK} 13. Nc3 {[%emt 0:10:40][%cal Rg2d5] OK} ({Doe niet} 13. fxe5 $6 Rxf1+ 14. Qxf1 Nc6 $16) (13. Qxe5 Nc7 $16) 13... Nc7 {[%emt 0:01:29] OK} {Beter is} 14. Qxe5 {[%emt 0:03:48] Fout (1.2)} (14. fxe5 $18 {Rxf8+ is de sterke dreiging.} Rxf1+ 15. Qxf1) 14... d4 {[%emt 0:02:49] pakt misschien beter uit. Fout (0.7)} (14... Nc6 $16 15. Bxd5+ Nxd5 16. Qxd5+ Kh8) 15. Nd5 {[%emt 0:01:32] OK} Bd6 {[%emt 0:01:36][%cal Be7d6,Bd6c7,Bc7b6][%mdl 32] EV=11.92. Goes to b6 (dbg)). OK} 16. Qg5 Nc6 {[%emt 0:04:51] OK} 17. Bd2 $40 {[%emt 0:04:33][%mdl 128] Wit gaat voor de koning. OK} h6 {[%emt 0:06:16] is een betere verdediging. Fout (1.1)} (17... Kh8 18. Qxd8 Raxd8 19. Nxc7 Bxc7 20. Bxc6 bxc6) {Wit moet spelen} 18. Qxd8 {[%emt 0:07:00] Fout (1.5)} (18. Qg6 $18) 18... Raxd8 $16 19. Rae1 {[%emt 0:02:22][%cal Ba1e1,Be1e7,Be7e8][%mdl 32] EV=23.85. Goes to e8 (dbg)). OK} Rf5 {[%emt 0:04:05] OK} 20. Nxc7 {[%emt 0:02:57] OK} Bxc7 21. Bxc6 {[%emt 0:04:21] OK} bxc6 22. Re7 {[%emt 0:00:32] OK} Rf7 {[%emt 0:02:14] was een poging waard. Fout (0.6)} (22... Bd6 23. Rxa7 c4) 23. Rfe1 $18 Rd5 {[%emt 0:06:06] OK} 24. Re8+ {[%emt 0:02:14] Beste (Gemakkelijk)} Rf8 {[%emt 0:06:01] was hoogst noodzakelijk. Fout (1.2)} (24... Kh7) 25. R1e7 {[%emt 0:01:09] OK} Bb6 26. a4 c4 27. Kg2 {[%emt 0:07:15] Onnauwkeurig} cxd3 28. cxd3 {[%emt 0:00:02] En nu zou b4 winnen.} Rxe8 29. Rxe8+ $16 {[%emt 0:00:07][%mdl 4096] Eindspel. KRB-KRB} Kf7 {[%emt 0:00:02] Beste} 30. Ra8 {[%emt 0:01:16] biedt betere winstkansen. Gemiste overwinning (1.8)} (30. Rc8 $1 $18) 30... Rc5 {[%emt 0:00:49][%cal Oc5c2] Beste} (30... Rxh5 $2 31. a5 $18) 31. Kf3 Rc2 $1 {[%emt 0:00:45] Sterk} 32. Be1 {[%emt 0:01:36] Hoopt vervolgens op a5. OK} Rxb2 {[%emt 0:02:41] Beste (Gemakkelijk)} 33. a5 {[%emt 0:00:07] OK} Bc5 {[%emt 0:00:11] OK} 34. Rc8 {[%emt 0:00:05] OK} Rxh2 {[%emt 0:00:58] Beste (Gemakkelijk)} 35. Rc7+ {[%emt 0:03:07] OK} Ke6 {[%emt 0:03:22] Fout (0.6)} (35... Kg8 $11) 36. Rxg7 Rxh5 {[%emt 0:08:25] Beste (Gemakkelijk)} 37. Ke4 {[%emt 0:00:02] OK} Rh2 {[%emt 0:00:53] OK} 38. f5+ {[%emt 0:00:14][%mdl 1024] Wit heeft compensatie. OK} Kf6 {[%emt 0:00:03] Beste (Gemakkelijk)} 39. Rg6+ {[%emt 0:00:08] Beste (Gemakkelijk)} Kf7 $1 {[%emt 0:00:22] Sterke dreiging met ...Re2+.} 40. Bg3 (40. Rxc6 Re2+ 41. Kd5 Rxe1 $17) 40... Re2+ {[%emt 0:00:25] OK} 41. Kf4 {[%emt 0:01:16] OK} Ra2 {[%emt 0:09:19] Houdt de partij in balans. Fout (1.3)} (41... Bb4 $11) 42. Rxh6 Rxa5 43. Rxc6 {[%emt 0:01:36] Dreigt te winnen met Ke4.} Be7 {[%emt 0:02:45] OK} 44. Ke4 Bf6 {[%emt 0:01:03] Ontwijkt Be5. OK} 45. Rc7+ Ke8 46. Bd6 {[%emt 0:00:34] Wit is actiever. OK} Bd8 {[%emt 0:07:41] zou beter kunnen zijn. Fout (0.7)} (46... a6 $16 47. Ra7 Ra2) 47. Rc4 $1 $18 {[%emt 0:02:34] OK} Bb6 48. Be5 {[%emt 0:00:50] Zwart moet nu Rc8+ voorkomen. Onnauwkeurig} Rb5 $2 {[%emt 0:01:12] [#] kan gunstiger zijn. Verliest partij (1.9)} (48... Kd7 $16 49. Bxd4 Bxd4) 49. Rc8+ $1 {[%emt 0:01:59] Sterk} (49. Bxd4 Bxd4 50. Rxd4 Ke7 $16) 49... Kf7 50. Rh8 {[%emt 0:00:05] OK} (50. Bxd4 Bxd4 51. Kxd4 Rxf5 $11) 50... a5 $2 {[%emt 0:02:19] [#] Fout (44.7)} (50... a6 51. Rh7+ (51. Bxd4 Rb4 $11) 51... Ke8) 51. Rh7+ $1 {[%emt 0:00:41] Sterk} (51. Bxd4 Bxd4 52. Kxd4 Rxf5 $11) 51... Kg8 {[%emt 0:00:21] Onnauwkeurig} 52. Rg7+ Kf8 53. Rb7 (53. Bxd4 $2 {vergaat.} Bxd4 54. Rc7 Bb6 $19) 53... Rb2 54. Kd5 {[%emt 0:00:22][%cal Od5e6] Dreigt mat met Ke6!} (54. Bxd4 $2 {slaat de verkeerde figuur.} Bxd4 55. Rc7 Bb6 $19) 54... Ke8 55. Ke4 {[%emt 0:20:31] Blunder waarde: Wit=0.24 (precies) /Zwart=0.69.  Verliest partij:   	---       	Zwart=2      Gemiste overwinning: 	Wit=1      	---        Fout:        	Wit=3      	Zwart=9      Onnauwkeurig:    	Wit=2      	Zwart=1      OK:         	Wit=21     	Zwart=13     Beste:        	Wit=3      	Zwart=6      Sterk:        	Wit=2      	Zwart=2} (55. Bxd4 $2 {verliest.} Bxd4 56. Rh7 Rb4 $19) (55. Ke6 $142 Bc7 56. Rxb2 Bxe5 57. Kxe5 Ke7 58. f6+ (58. Kxd4 Kf6 $18) 58... Kf7 59. Rb7+ (59. Kxd4 Kxf6 60. Ra2 Ke6 $18) 59... Kg6 60. Rg7+ (60. Kxd4 Kxf6 61. Kd5 a4 $18) 60... Kh6 61. Rg1 (61. Kxd4 a4 62. Rg1 Kh7 63. f7 a3 64. f8=Q a2 65. Qg7#) 61... a4 62. f7 (62. Kxd4 Kh7 63. f7 a3 64. f8=Q a2 65. Qg7#) 62... Kh7 63. f8=Q a3 64. Qg7#) 1-0